 Dungeon Crawl Stone Soup version 0.30-a0-778-g2ef04afb54 (webtiles) character file.

Game seed: 15757457264025192916

16916 IdlyInterested the Bludgeoner (level 12, -2/92 HPs)
             Began as a Demonspawn Gladiator on Feb 14, 2023.
             Slain by a killer bee (5 damage)
             ... on level 11 of the Dungeon on Feb 15, 2023.
             The game lasted 00:35:50 (11053 turns).

IdlyInterested the Bludgeoner (DsGl)               Turns: 11053, Time: 00:35:51

Health: -2/92      AC:  8    Str: 19    XL:     12   Next: 14%
Magic:  12/12      EV: 17    Int: 11    God:
Gold:   346        SH:  0    Dex: 20    Spells: 11/11 levels left

rFire   . . .      SeeInvis .    D - +1 flail (drain)
rCold   . . .      Faith    .    (no shield)
rNeg    . . .      Spirit   .    g - +0 acid dragon scales
rPois   .          Reflect  .    r - +0 helmet
rElec   .          Harm     .    j - scarf {+Inv}
rCorr   +          Rampage  .    (gloves unavailable)
Will    .....                    (no boots)
Stlth   ++                       y - amulet of regeneration
HPRegen 1.15/turn                v - +6 ring of dexterity
MPRegen 0.13/turn                m - ring of flight

@: flying, repel missiles
A: repulsion field 3, ignite blood 1, powered by death 1, demonic touch 3
a: Evoke Invisibility


You were on level 11 of the Dungeon.
You visited 2 branches of the dungeon, and saw 12 of its levels.

You collected 1102 gold pieces.
You spent 756 gold pieces at shops.

Inventory:

Hand Weapons
 s - a +0 morningstar
 D - a +1 flail of draining (weapon)
Missiles
 d - 4 throwing nets
 e - a javelin
 t - 5 boomerangs
 u - 12 curare-tipped darts
 B - 21 poisoned darts (quivered)
 Z - 18 boomerangs of dispersal
Armour
 g - +0 acid dragon scales (worn)
 j - a scarf of invisibility (worn)
 r - a +0 helmet (worn)
 E - a +0 chain mail of poison resistance
 J - a +1 robe of fire resistance
Magical Staves
 I - a staff of death
 Y - a staff of earth
Jewellery
 m - a ring of flight (right hand)
 v - a +6 ring of dexterity (left hand)
 y - an amulet of regeneration (around neck)
Wands
 b - a wand of charming (29)
 n - a wand of iceblast (15)
 o - a wand of polymorph (11)
 C - a wand of flame (41)
 F - a wand of light (10)
 P - a wand of digging (5)
 S - a wand of mindburst (3)
Scrolls
 c - a scroll of fear
 h - 10 scrolls of teleportation
 z - 5 scrolls of poison
 H - 3 scrolls of immolation
 Q - 6 scrolls of identify
 R - a scroll of amnesia
 V - a scroll of butterflies
 W - a scroll of enchant weapon
 X - a scroll of magic mapping
Potions
 f - 3 potions of brilliance
 i - 4 potions of mutation
 k - 6 potions of flight
 l - 3 potions of resistance
 p - 4 potions of berserk rage
 A - 7 potions of curing
 G - 3 potions of haste
 K - a potion of heal wounds
 L - 3 potions of magic
 M - a potion of cancellation
 N - 5 potions of ambrosia
 T - 2 potions of might
Miscellaneous
 a - a phial of floods (inert)


   Skills:
 - Level 8.0 Fighting
 * Level 15.2 Maces & Flails
 - Level 3.0 Throwing
 - Level 4.0 Armour
 - Level 3.0 Dodging
 - Level 2.0 Stealth
 + Level 4.4 Unarmed Combat
 - Level 3.0 Evocations


You had 11 spell levels left.
You didn't know any spells.
Your spell library contained the following spells:

 Spells                   Type           Power      Damage    Failure   Level
 Magic Dart               Conj           0%         1d3       41%         1
 Sting                    Tmut/Pois      0%         1d3       41%         1
 Summon Small Mammal      Summ           0%         N/A       41%         1
 Poisonous Vapours        Pois/Air       0%         N/A       56%         2
 Searing Ray              Conj           0%         2d4       56%         2
 Call Canine Familiar     Summ           0%         N/A       80%         3
 Kindle Blastsparks       Fire/Tloc/Air  0%         2d10      80%         3
 Portal Projectile        Hex/Tloc       0%         N/A       80%         3
 Summon Guardian Golem    Hex/Summ       0%         N/A       80%         3
 Fulminant Prism          Conj/Hex       0%         3d5       99%         4
 Iskenderun's Mystic Bla  Conj/Tloc      0%         2d3       99%         4
 Leda's Liquefaction      Hex/Erth       0%         N/A       99%         4
 Olgreb's Toxic Radiance  Pois           0%         N/A       99%         4
 Lee's Rapid Deconstruct  Erth           0%         3d4*      100%        5
 Summon Forest            Summ/Tloc      0%         N/A       100%        5
 Summon Mana Viper        Hex/Summ       0%         N/A       100%        5
 Summon Cactus Giant      Summ           0%         N/A       100%        6


Dungeon Overview and Level Annotations

Branches:
Dungeon (11/15)            Temple (1/1) D:4            Lair (0/5) D:8
    Orc: D:9-12

Altars:
Ashenzari
Cheibriados
Dithmenos
Fedhas
Gozag
Hepliaklqana
Kikubaaqudgha
Makhleb
Nemelex Xobeh
Okawaru
Qazlal
Ru
Sif Muna
Trog
Uskayaw
Vehumet
Wu Jian
Xom
Yredelemnul

Shops:
D:7 !


Innate Abilities, Weirdness & Mutations

You are surrounded by a strong repulsion field. (EV +4, RMsl)
Your demonic aura sometimes causes spilled blood to erupt in flames.
You regenerate a little health from kills.
Your touch may irresistibly damage your foes and sap their willpower.


Message History

The puff of frost hits you but does no damage.
A killer bee comes into view.
A yak comes into view.
You strike the helpless kobold demonologist from behind!
You hit the kobold demonologist but do no damage.
The killer bee buzzes angrily.
Your touch misses the kobold demonologist.
You punch the kobold demonologist, but do no damage.
The kobold demonologist is heavily wounded.
You hear an angry buzzing noise.
The white imp disappears in a puff of smoke!
The kobold demonologist misses you.
You miss the kobold demonologist.
The kobold demonologist is heavily wounded.
The kobold demonologist misses you.
You closely miss the kobold demonologist.
You touch the kobold demonologist!
You sap its willpower!
The kobold demonologist is severely wounded.
The kobold demonologist is no longer blind.
The ufetubus closely misses you. The ufetubus barely misses you.
The troll bites you!
* * * LOW HITPOINT WARNING * * *
The troll claws you.
* * * LOW HITPOINT WARNING * * *
The troll closely misses you.
The kobold demonologist mumbles some strange words.
You barely miss the kobold demonologist.
You touch the kobold demonologist!
You sap its willpower!
The kobold demonologist is almost dead.
The ufetubus hits you.
* * * LOW HITPOINT WARNING * * *
The ufetubus barely misses you.
You hit the kobold demonologist.
You touch the kobold demonologist.
You kill the kobold demonologist!
The crimson imp disappears in a puff of smoke!
The ynoxinul disappears in a puff of smoke!
The ufetubus disappears in a puff of smoke!
The troll closely misses you. The troll misses you. The troll claws you!
* * * LOW HITPOINT WARNING * * *
The killer bee stings you.
You die...

#..#..........[........
.......................
. ..⌠.#.#...............
..........###...........
#..##.....#####........
#..#...).#######.......
#......†#...# ###.....
#...##)#).#..# ##....
##.#)@#...##y.$# ##...
#§.yT#....#.#..# #...
##.§#.#.#...# .)###..
#..#.#.#.##. .# ##.
#.#.#Y#.#. .. . #. #.#o
.#..#. # #. #..#.#.## #.
## .P .# # #


You could see a yak, a troll and a killer bee.

Vanquished Creatures
  A hydra (D:9)
  3 two-headed ogres
  A centaur warrior (D:9)
  A tengu warrior (D:9)
  The ghost of kingofthe the Sneak, a novice OpCj of Sif Muna (D:7)
  An ugly thing (D:11)
  A manticore (D:11)
  A kobold demonologist (D:11)
  4 unseen horrors
  9 trolls
  A hornet (D:7)
  Sigmund (D:6)
  A wraith (D:11)
  A vampire (D:11)
  12 yaks
  3 vampire mosquitoes (D:11)
  Menkaure (D:6)
  Edmund (D:6)
  An acid dragon (D:11)
  Duvessa (D:4)
  5 water moccasins
  4 orc warriors
  3 ice beasts
  3 sky beasts
  2 black bears
  4 wolves (D:8)
  5 centaurs
  3 phantoms
  6 kobold brigands
  2 bullfrogs
  4 scorpions
  3 necrophages
  3 gnoll sergeants
  Dowan (D:4)
  15 killer bees
  3 electric eels (D:8)
  4 howler monkeys
  4 hounds
  3 jellies
  2 orc priests
  2 gnoll boudas
  Ijyb (D:5)
  7 iguanas
  6 orc wizards
  Robin (D:2)
  9 adders
  12 gnolls
  A white imp (D:7)
  5 ufetubi
  2 worms
  3 dart slugs
  32 orcs
  4 bats
  3 endoplasms
  2 giant cockroaches
  12 goblins
  7 hobgoblins
  4 jackals (D:2)
  5 quokkas
  2 ball pythons
  4 frilled lizards
  12 kobolds
  4 rats
265 creatures vanquished.

Vanquished Creatures (others)
  2 wizards
  An orc warrior (D:9)
  2 killer bees (D:11)
  23 plants
  16 withered plants (D:3)
44 creatures vanquished.

Grand Total: 309 creatures vanquished

Notes
Turn   | Place    | Note
-------+----------+-------------------------------------------
     0 | D:1      | IdlyInterested the Demonspawn Gladiator began the quest for
                  | the Orb.
     0 | D:1      | Reached XP level 1. HP: 16/16 MP: 1/1
   378 | D:1      | Reached skill level 3 in Maces & Flails
   415 | D:1      | Gained mutation: Your demonic aura sometimes causes spilled
                  | blood to erupt in flames. [demonic ancestry]
   415 | D:1      | Reached XP level 2. HP: 16/22 MP: 2/2
  1190 | D:2      | Reached XP level 3. HP: 27/27 MP: 3/3
  1606 | D:2      | Noticed Robin
  1627 | D:2      | Reached skill level 1 in Stealth
  1648 | D:2      | Reached skill level 4 in Maces & Flails
  1655 | D:2      | Gained mutation: Your touch may inflict minor irresistible
                  | damage on your foes. [demonic ancestry]
  1655 | D:2      | Reached XP level 4. HP: 8/33 MP: 4/4
  1668 | D:2      | Killed Robin
  2466 | D:3      | Found Nuenaos's Distillery.
  2505 | D:3      | Found a faded altar of an unknown god.
  3017 | D:3      | Bought a potion of lignification for 42 gold pieces
  3017 | D:3      | Bought a potion of attraction for 42 gold pieces
  3017 | D:3      | Bought a potion of flight for 42 gold pieces
  3168 | D:3      | Bought 2 potions of degeneration for 28 gold pieces
  3270 | D:4      | Reached skill level 1 in Evocations
  3270 | D:4      | Gained mutation: Your touch may inflict irresistible damage
                  | on your foes. [demonic ancestry]
  3270 | D:4      | Reached XP level 5. HP: 24/38 MP: 3/5
  3339 | D:4      | Reached skill level 5 in Maces & Flails
  3339 | D:4      | Reached skill level 1 in Armour
  3374 | D:4      | Gained mutation: You regenerate a little health from kills.
                  | [demonic ancestry]
  3374 | D:4      | Reached XP level 6. HP: 16/43 MP: 6/6
  3826 | D:4      | Noticed Dowan
  3826 | D:4      | Noticed Duvessa
  3843 | D:4      | Killed Duvessa
  3844 | D:4      | Reached skill level 6 in Maces & Flails
  3844 | D:4      | Reached skill level 1 in Unarmed Combat
  3860 | D:4      | Killed Dowan
  4009 | D:4      | Gained mutation: You are surrounded by a mild repulsion
                  | field. (EV +2) [demonic ancestry]
  4009 | D:4      | Reached XP level 7. HP: 50/50 MP: 7/7
  4166 | D:4      | Found a staircase to the Ecumenical Temple.
  4175 | Temple   | Entered the Ecumenical Temple
  4381 | D:5      | Entered Level 5 of the Dungeon
  4385 | D:5      | Noticed Ijyb
  4391 | D:5      | Killed Ijyb
  4594 | D:5      | Reached skill level 7 in Maces & Flails
  4735 | D:5      | Gained mutation: You are surrounded by a moderate repulsion
                  | field. (EV +3) [demonic ancestry]
  4735 | D:5      | Reached XP level 8. HP: 58/58 MP: 8/8
  4969 | D:5      | Reached skill level 8 in Maces & Flails
  5237 | D:5      | Found a basalt altar of Yredelemnul.
  5243 | D:5      | Found an opulent altar of Gozag.
  5248 | D:5      | Found an ancient bone altar of Kikubaaqudgha.
  5358 | D:5      | Found a shimmering blue altar of Sif Muna.
  5529 | D:3      | Bought a potion of curing for 42 gold pieces
  5529 | D:3      | Bought 2 potions of lignification for 84 gold pieces
  5529 | D:3      | Bought a potion of curing for 42 gold pieces
  5529 | D:3      | Bought a potion of heal wounds for 70 gold pieces
  5629 | D:6      | Reached skill level 9 in Maces & Flails
  5644 | D:6      | Noticed Menkaure
  5646 | D:6      | Noticed Edmund
  5651 | D:6      | HP: 2/60 [Edmund/+2 dire flail of holy wrath (5)]
  5654 | D:6      | Killed Edmund
  5655 | D:6      | Killed Menkaure
  5719 | D:6      | Gained mutation: You are surrounded by a strong repulsion
                  | field. (EV +4, RMsl) [demonic ancestry]
  5719 | D:6      | Reached XP level 9. HP: 51/65 MP: 9/9
  5907 | D:6      | Noticed Sigmund
  5917 | D:6      | Killed Sigmund
  6211 | D:7      | Reached skill level 10 in Maces & Flails
  6371 | D:7      | Reached skill level 11 in Maces & Flails
  6454 | D:7      | Found Wiskao Kiar's Distillery.
  6621 | D:7      | Found a transporter.
  6621 | D:7      | Found a transporter.
  6621 | D:7      | Noticed kingofthe's ghost (novice OpCj)
  6740 | D:7      | Reached XP level 10. HP: 71/71 MP: 10/10
  7042 | D:7      | Bought a potion of might for 56 gold pieces
  7042 | D:7      | Bought a potion of cancellation for 112 gold pieces
  7042 | D:7      | Bought a potion of heal wounds for 70 gold pieces
  7042 | D:7      | Bought a potion of curing for 42 gold pieces
  7042 | D:7      | Bought a potion of curing for 42 gold pieces
  7042 | D:7      | Bought a potion of curing for 42 gold pieces
  7138 | D:7      | Paralysed by a hornet for 3 turns
  7179 | D:7      | Killed kingofthe's ghost
  7246 | D:8      | Reached skill level 12 in Maces & Flails
  7389 | D:8      | Found a staircase to the Lair.
  7961 | D:8      | Upgraded the game from 0.30-a0-777-ga9a30cbeda to
                  | 0.30-a0-778-g2ef04afb54
  8128 | D:9      | Noticed a two-headed ogre
  8138 | D:9      | Killed a two-headed ogre
  8139 | D:9      | Reached skill level 5 in Fighting
  8387 | D:9      | Noticed a centaur warrior
  8401 | D:9      | Killed a centaur warrior
  8402 | D:9      | Reached skill level 13 in Maces & Flails
  8408 | D:9      | Noticed an eight-headed hydra
  8414 | D:9      | Reached XP level 11. HP: 45/81 MP: 11/11
  8423 | D:9      | Killed an eight-headed hydra
  8598 | D:9      | Noticed a wizard
  8604 | D:9      | Killed a wizard
  8661 | D:9      | Noticed a tengu warrior
  8673 | D:9      | Killed a tengu warrior
  9367 | D:10     | Entered Level 10 of the Dungeon
  9739 | D:10     | Reached skill level 14 in Maces & Flails
  9861 | D:10     | Noticed a two-headed ogre
  9869 | D:10     | Killed a two-headed ogre
 10401 | D:11     | Noticed a green ugly thing
 10412 | D:11     | Killed a green ugly thing
 10976 | D:11     | Noticed a two-headed ogre
 10992 | D:11     | Killed a two-headed ogre
 10992 | D:11     | Noticed a wizard
 10993 | D:11     | Reached skill level 15 in Maces & Flails
 10993 | D:11     | Gained mutation: Your touch may irresistibly damage your
                  | foes and sap their willpower. [demonic ancestry]
 10993 | D:11     | Reached XP level 12. HP: 80/92 MP: 12/12
 11053 | D:11     | HP: 3/92 [troll (9)]
 11053 | D:11     | Slain by a killer bee

Illustrated notes

Levels and vault maps discovered:
D:1:      dpeg_arrival_tiny_a, layout_loops_corners
D:2:      layout_loops_ring, uniq_robin
D:3:      layout_loops_ring, serial_shops, nicolae_shop_waterfront,
          shapermc_ecumenical_altar_flowoftime, small_statue_intersection,
          hangedman_decor_push
D:4:      layout_loops_ring, minmay_temple_entry_gardened_gates, uniq_duvessa
D:5:      minmay_polygon_palace, layout_rooms, minmay_overflow_temple_star_quad,
          mainiacjoe_overflow_brackets, uniq_ijyb
D:6:      layout_rooms, uniq_edmund, uniq_sigmund, uniq_menkaure
D:7:      layout_loops_ring, gammafunk_ghost_hive, serial_shops, shop
D:8:      layout_gridville, erik_lair_island, lightli_orcish_oven
D:9:      wad_statue_garden, layout_basic
D:10:     layout_loops_ring, minmay_fractal_squares_5
D:11:     regret_index_wax_grids, layout_irregular_city,
          minmay_misc_feat_diagonals, minmay_unpleasant_kobolds
Temple:   regret_index_temple_chain_breaker

Skill      XL: |  1  2  3  4  5  6  7  8  9 10 11 |
---------------+----------------------------------+-----
Throwing       | 2 3 |  3.0
Maces & Flails | 3 4 5 6 7 9 11 13 15 | 15.2
Dodging        | 3 |  3.0
Stealth        | 1 2 |  2.0
Evocations     | 1 3 |  3.0
Armour         | 1 2 4 |  4.0
Unarmed Combat | 1 2 3 4 |  4.4
Fighting       | 3 4 6 8 |  8.0

Action                     |  1- 3 |  4- 6 |  7- 9 | 10-12 || total
---------------------------+-------+-------+-------+-------++-------
  Melee: Flail             |    67 |   105 |   219 |   402 ||   793
         Whip              |   101 |    51 |    11 |       ||   163
         Punch             |     1 |     3 |     3 |    15 ||    22
         Touch             |       |    47 |    49 |    80 ||   176
  Throw: Stone             |       |     5 |     8 |    10 ||    23
         Dart              |       |     2 |       |     7 ||     9
  Evoke: Wand              |       |       |       |     6 ||     6
         Phial of floods   |       |       |       |     1 ||     1
    Use: Scroll            |     3 |     3 |     6 |     7 ||    19
         Potion            |     2 |       |     3 |     2 ||     7
   Stab: Sleeping          |     1 |       |       |       ||     1
         Invisible         |       |       |       |     1 ||     1
 Armour: Leather armour    |    12 |       |       |       ||    12
         Ring mail         |    28 |       |       |       ||    28
         Scale mail        |    28 |    33 |     7 |       ||    68
         Chain mail        |       |       |   107 |   128 ||   235
         Acid dragon scale |       |       |       |    19 ||    19
  Dodge: Dodged            |   117 |    43 |   169 |   278 ||   607

Table legend: (Time is in decaauts)
 A = Elapsed time spent in this place.
 B = Non-inter-level travel time spent in this place.
 C = Inter-level travel time spent in this place.
 D = Time resting spent in this place.
 E = Time spent auto-exploring this place.
 F = Levels seen in this place.
 G = Mean time per level.
                   A        B        C        D        E       F      G
               +--------+--------+--------+--------+--------+-----+--------+
         Total |  10968 |   9252 |   1716 |   1232 |   5318 |  12 |  914.0 |
       Dungeon |  10779 |   9079 |   1700 |   1232 |   5162 |  11 |  979.9 |
        Temple |    189 |    173 |     16 |      0 |    156 |   1 |  189.0 |
               +--------+--------+--------+--------+--------+-----+--------+

Top non-repeatable levels by time:
     D:9: 1375 daAuts
     D:2: 1143 daAuts
     D:4: 1122 daAuts
     D:7: 1114 daAuts
     D:1: 1112 daAuts
     D:5: 1101 daAuts
     D:3: 1023 daAuts
    D:10: 895 daAuts
     D:8: 748 daAuts
    D:11: 583 daAuts
     D:6: 557 daAuts
  Temple: 189 daAuts
